 Dungeon Crawl Stone Soup version 0.28-a0-586-gbdb9d174a4 (webtiles) character file.

Game seed: 8106875509260802247

0 Gargoyl the Skirmisher (level 1, -1/18 HPs)
             Began as a Gnoll Abyssal Knight on Oct 3, 2021.
             Was a Follower of Lugonu.
             Slain by a meliai (8 damage)
             ... on level 5 of the Abyss.
             The game lasted 00:01:47 (227 turns).

Gargoyl the Skirmisher (Gnoll Abyssal Knight)        Turns: 227, Time: 00:01:48

Health: -1/18      AC:  4    Str:  8    XL:     1   Next: 0%
Magic:  2/2        EV: 11    Int:  5    God:    Lugonu [*.....]
Gold:   19         SH:  0    Dex: 12    Spells: 0/0 levels left

rFire   . . .      SeeInvis .   a - +1 hand axe
rCold   . . .      Faith    .   (no shield)
rNeg    . . .      Spirit   .   b - +1 leather armour
rPois   .          Reflect  .   (no helmet)
rElec   .          Harm     .   (no cloak)
rCorr   .          Rampage  .   (no gloves)
Will    .....                   (no boots)
Stlth   +.........              (no amulet)
HPRegen 0.06/turn               (no ring)
MPRegen 0.08/turn               (no ring)

@: attractive, very slightly contaminated
A: fangs 1, strong nose, distributed training, [deterioration 2], [dopey 2],
[frail 2], [low mp 2], [screaming 2], [weak 2]
a: Renounce Religion, Depart the Abyss


You were on level 5 of the Abyss.
You worshipped Lugonu.
Lugonu was aware of your devotion.
You visited 0 branches of the dungeon, and saw 0 of its levels.
You visited the Abyss 1 time.

You collected 19 gold pieces.

Inventory:

Hand Weapons
 a - a +1 hand axe (weapon)
Armour
 b - a +1 leather armour (worn)
Wands
 d - a wand of flame (12)
Scrolls
 e - a scroll of silence


   Skills:
 + Level 6.4 Fighting
 + Level 0.0 Short Blades
 + Level 0.0 Long Blades
 + Level 4.4 Axes
 + Level 0.0 Maces & Flails
 + Level 0.0 Polearms
 + Level 0.0 Staves
 + Level 0.0 Slings
 + Level 0.0 Bows
 + Level 0.0 Crossbows
 + Level 0.0 Throwing
 + Level 4.4 Armour
 + Level 2.3 Dodging
 + Level 0.0 Stealth
 + Level 0.0 Shields
 + Level 0.0 Unarmed Combat
 + Level 0.0 Spellcasting
 + Level 0.0 Conjurations
 + Level 0.0 Hexes
 + Level 0.0 Summonings
 + Level 0.0 Necromancy
 + Level 0.0 Translocations
 + Level 0.0 Transmutations
 + Level 0.0 Fire Magic
 + Level 0.0 Ice Magic
 + Level 0.0 Air Magic
 + Level 0.0 Earth Magic
 + Level 0.0 Poison Magic
 + Level 4.4 Invocations
 + Level 0.0 Evocations


You couldn't memorise any spells.
You didn't know any spells.
Your spell library was empty.

Dungeon Overview and Level Annotations

Branches:
Dungeon (0/15)

Altars:


Innate Abilities, Weirdness & Mutations

You have very sharp teeth.
Your uncanny sense of smell can sniff out nearby items.
Your experience applies equally to all skills.
[Your body often deteriorates upon taking damage.]
[You are very dopey. (Int -4)]
[You are very frail. (-20% HP)]
[Your magical capacity is very low. (-20% MP)]
[You frequently scream uncontrollably at your foes.]
[You are very weak. (Str -4)]


Message History

You plunge deeper into the Abyss.
The abyssal rune of Zot can be found at this depth.
Found a scroll labelled GOFETHR NOEFI, 19 gold pieces and a dagger.
A lurking horror coalesces out of pure chaos.
Found a gateway leading out of the Abyss.
You see here a scroll labelled GOFETHR NOEFI.
c - a scroll labelled GOFETHR NOEFI Unknown command.
As you read the scroll labelled GOFETHR NOEFI, it crumbles to dust.
You feel momentarily disoriented.
It was a scroll of magic mapping.
Unknown command.
A large abomination comes into view.
Found a glowing orange potion.
You see here 19 gold pieces.
You now have 19 gold pieces.
You flicker for a moment.
Your body is wracked with pain!
Found a flail.
You screech at the green very ugly thing! 2 very ugly things come into view.
Found an elf corpse.
You flicker back into view.
The green very ugly thing gurgles horribly!
You hear a horrible gurgling sound!
You hear an angry buzzing noise.
You hear a shout!
You hear a bellow!
You hear an angry buzzing noise. x4
You hear a hideous shriek!
A meliai comes into view.
It is wielding a +1 war axe of electrocution.
A green very ugly thing comes into view.
You see here a glowing orange potion.
c - a glowing orange potion The green very ugly thing gurgles horribly!
A small abomination comes into view.
It was a potion of attraction.
You feel attractive to monsters.
An Executioner comes into view.
The green very ugly thing is attracted toward you.
The small abomination is attracted toward you.
The Executioner is attracted toward you.
The meliai hits you with a +1 war axe of electrocution!
You die...

.. ....#.. #...#.........
.......................
.........................
..................§...∆ .
... .....#............
#... ...............## .
........#.........x.##...
...#.......#.............
. .....#........@....1..§
... .. ..........y.......
..............uu...... ..
#..........u....∩.. . .
.................
...#...#§..#...#
..###.###.###†## ## .. ..
..


You could see 3 very ugly things, an Executioner, a small abomination and a
meliai.

Vanquished Creatures (others)
  A lurking horror (Abyss:5)
  8 starspawn tentacles (Abyss:4)
9 creatures vanquished.

Notes
Turn   | Place    | Note
-------+----------+-------------------------------------------
     0 | Abyss:1  | Gargoyl the Gnoll Abyssal Knight began the quest for the
                  | Orb.
     0 | Abyss:1  | Reached XP level 1. HP: 23/23 MP: 3/3
    54 | Abyss:1  | Found a corrupted altar of Lugonu.
    77 | Abyss:1  | Found a corrupted altar of Lugonu.
   104 | Abyss:3  | Found a corrupted altar of Lugonu.
   143 | Abyss:4  | Noticed a tentacled starspawn
   171 | Abyss:4  | Noticed a wretched star
   187 | Abyss:4  | Noticed a smoke demon
   188 | Abyss:4  | Noticed a neqoxec
   193 | Abyss:4  | Noticed a thrashing horror
   194 | Abyss:5  | Entered Level 5 of the Abyss
   213 | Abyss:5  | Noticed a large abomination
   223 | Abyss:5  | Noticed a green very ugly thing
   223 | Abyss:5  | Noticed a green very ugly thing
   224 | Abyss:5  | Noticed a meliai
   224 | Abyss:5  | Noticed a green very ugly thing
   225 | Abyss:5  | Noticed a small abomination
   226 | Abyss:5  | Noticed an Executioner
   227 | Abyss:5  | Slain by a meliai

Illustrated notes

Levels and vault maps discovered:
Abyss:5:  base: Temple, grunt_abyss_rune_wretched_hive

Action                   || total
-------------------------++-------
Evoke: Wand              ||     1
  Use: Scroll            ||     5
       Potion            ||     3
Dodge: Dodged            ||     1

Table legend: (Time is in decaauts)
 A = Elapsed time spent in this place.
 B = Non-inter-level travel time spent in this place.
 C = Inter-level travel time spent in this place.
 D = Time resting spent in this place.
 E = Time spent auto-exploring this place.
 F = Levels seen in this place.
 G = Mean time per level.
                   A        B        C        D        E       F      G
               +--------+--------+--------+--------+--------+-----+--------+
         Total |    229 |    229 |      0 |      0 |     93 |   5 |   45.8 |
         Abyss |    229 |    229 |      0 |      0 |     93 |   5 |   45.8 |
               +--------+--------+--------+--------+--------+-----+--------+

Top non-repeatable levels by time:
 Abyss:1: 80 daAuts
 Abyss:4: 51 daAuts
 Abyss:3: 42 daAuts
 Abyss:5: 32 daAuts
 Abyss:2: 21 daAuts
